Map: Ever Dream LE

Players

soul - Winner!

  • Race: Terran Terran
  • League: Grandmaster
  • Spawn Location: 1:00

SKillous

  • Race: Protoss Protoss
  • League: Grandmaster
  • Spawn Location: 7:00

Event: DreamHack SC2 Masters 2020 Summer Europe

VOD

Have the link to the VOD?

Description

Time

  • Played on: June 24, 2020, 10:43 a.m.
  • Length: 10:40

All games in this series

Show
View Real Time Build Order
Export as new Build Order

soul Terran - Winner!

Build Orders:  

Get SALT Encoding   

  12  0:00  SCV  
  13  0:13  SCV  
  14  0:17  Supply Depot  
  14  0:25  SCV  
  15  0:38  SCV  
  15  0:40  Barracks  
  16  0:43  Refinery  
  16  0:50  SCV  
  17  1:03  SCV  
  18  1:15  SCV  
  19  1:27  Orbital Command, Marine  
  20  1:42  Command Center  
  20  1:46  Barracks Reactor  
  20  1:53  Supply Depot  
  20  1:55  SCV  
  21  2:07  Factory, SCV  
  22  2:12  Refinery  
  22  2:19  SCV  
  22  2:22  Marine x2  
  25  2:31  SCV  
  26  2:40  Marine x2  
  28  2:44  SCV  
  28  2:51  Starport, Widow Mine  
  31  2:55  Orbital Command  
  31  2:58  SCV  
  32  3:02  Marine x2  
  34  3:10  SCV  
  35  3:13  Factory Tech Lab  
  35  3:20  Marine x2  
  35  3:21  SCV  
  35  3:22  SCV  
  39  3:28  Supply Depot  
  39  3:31  Siege Tank  
  42  3:36  Medivac  
  42  3:37  Marine  
  42  3:38  Marine  
  46  3:44  Supply Depot  
  46  3:49  Supply Depot, SCV x2  
  48  3:57  Marine x2  
  48  4:01  SCV x2  
  52  4:13  SCV x2  
  52  4:15  Marine  
  58  4:20  Siege Tank  
  61  4:25  SCV x2  
  61  4:27  Viking  
  62  4:38  SCV x2  
  62  4:40  Bunker x2  
  62  4:42  Marine  
  62  4:50  SCV x2  
  63  4:56  Cyclone  
  63  4:58  Marine  
  66  5:02  SCV x2  
  66  5:04  Marine  
  70  5:14  SCV x2  
  70  5:19  Supply Depot  
  70  5:20  Marine, Command Center  
  71  5:22  Viking  
  71  5:26  SCV x2  
  71  5:27  Marine  
  73  5:31  Bunker  
  72  5:38  Cyclone, Marine, SCV x2  
  72  5:41  Supply Depot x2  
  75  5:48  Marine  
  75  5:50  SCV x2  
  77  5:58  Barracks  
  77  5:59  Barracks  
  77  6:00  Refinery  
  77  6:02  SCV x2  
  77  6:03  Marine  
  77  6:07  Refinery, Marine  
  75  6:14  SCV x2  
  76  6:20  Siege Tank  
  76  6:21  Marine  
  76  6:25  Marine  
  80  6:26  SCV  
  80  6:28  Engineering Bay  
  80  6:29  Engineering Bay  
  82  6:32  Viking  
  82  6:33  Bunker  
  82  6:38  Marine  
  84  6:43  Marine, SCV  
  84  6:46  Bunker  
  86  6:49  Barracks Tech Lab  
  86  6:50  Orbital Command  
  82  6:56  Marine  
  82  7:01  Marine  
  84  7:05  Terran Infantry Weapons Level 1, Terran Infantry Armor Level 1  
  84  7:06  Barracks x2  
  84  7:07  Bunker  
  79  7:09  Barracks Tech Lab  
  79  7:13  Starport Reactor  
  79  7:14  Marine  
  79  7:15  Marine  
  74  7:19  Marine  
  72  7:25  SCV x2  
  72  7:28  Combat Shield  
  76  7:30  Marauder  
  76  7:32  Marine  
  76  7:34  Marauder  
  76  7:36  Marine  
  80  7:37  SCV  
  80  7:40  Orbital Command  
  78  7:50  Marine  
  78  7:51  Marauder  
  78  7:54  Marine  
  78  7:55  Marauder  
  78  7:56  Barracks Tech Lab  
  79  7:58  Barracks Reactor  
  79  7:59  SCV x2  
  79  8:00  Armory  
  79  8:06  Medivac  
  79  8:08  Marine  
  79  8:11  SCV  
  79  8:12  Marine  
  84  8:13  Marauder  
  84  8:15  SCV  
  84  8:16  Marauder  
  84  8:19  SCV  
  84  8:22  Missile Turret x2  
  84  8:23  SCV, Missile Turret  
  84  8:24  Marauder  
  84  8:25  Marine  
  84  8:27  Siege Tank, SCV, Medivac  
  89  8:30  Marine  
  97  8:36  Medivac  
  97  8:39  Marine x2  
  103  8:43  Marine  
  103  8:45  Marauder  
  103  8:48  Marine  
  107  8:49  Bunker  
  107  8:50  Bunker  
  103  8:56  Barracks Tech Lab  
  103  8:57  Marine, Medivac  
  103  8:59  Siege Tank  
  109  9:04  Marine  
  109  9:05  Marine x3  
  109  9:07  Marauder  
  112  9:15  Marine  
  112  9:16  SCV x3  
  110  9:22  Supply Depot x3, Marine x3  
  110  9:23  Supply Depot, Marine  
  114  9:28  Marauder, SCV x3  
  114  9:29  Marine  
  115  9:33  Marine  
  115  9:36  Siege Tank, Refinery  
  115  9:37  Refinery  
  115  9:38  Ghost Academy  
  119  9:47  Supply Depot  
  119  9:48  Marauder, Supply Depot  
  119  9:49  Marine x3  
  119  9:51  Barracks  
  124  9:53  Barracks  
  124  9:55  Marauder, Marine  
  124  9:58  Marine  
  117  10:07  Marine x3  
  117  10:12  Marine  
  119  10:16  Marauder  
Show
View Real Time Build Order
Export as new Build Order

SKillous Protoss 

Build Orders: 1 Gate Expand, Phoenix Opening 

Get SALT Encoding   

  12  0:00  Probe  
  13  0:12  Probe  
  14  0:19  Pylon  
  14  0:24  Probe  
  15  0:34  Probe  
  15  0:38  Gateway  
  16  0:42  Probe  
  16  0:44  Assimilator  
  17  0:51  Probe  
  18  1:04  Probe  
  19  1:16  Probe  
  20  1:25  Cybernetics Core  
  20  1:33  Nexus  
  20  1:37  Probe  
  21  1:44  Pylon  
  21  1:49  Assimilator  
  21  1:52  Adept  
  21  1:53  Probe  
  22  2:04  Probe  
  25  2:12  Probe  
  25  2:19  Stargate  
  25  2:20  Probe  
  26  2:26  Stalker  
  29  2:31  Probe  
  29  2:35  Warp Gate  
  30  2:41  Probe  
  30  2:43  Probe  
  31  2:50  Probe  
  32  2:55  Probe  
  32  2:58  Phoenix  
  34  3:00  Probe  
  37  3:07  Probe  
  37  3:12  Gateway, Probe  
  39  3:17  Phoenix  
  39  3:19  Probe  
  40  3:24  Probe  
  40  3:26  Pylon  
  43  3:31  Probe  
  44  3:36  Robotics Facility, Probe  
  45  3:44  Probe  
  45  3:47  Assimilator  
  45  3:48  Probe  
  47  3:49  Assimilator, Phoenix  
  47  3:53  Probe  
  49  3:57  Pylon  
  49  4:00  Probe  
  51  4:03  Probe  
  51  4:09  Shield Battery  
  52  4:12  Shield Battery  
  52  4:16  Phoenix  
  55  4:24  Stalker x2  
  55  4:26  Probe x2  
  55  4:30  Immortal  
  62  4:51  Pylon  
  62  4:52  Pylon  
  62  5:06  Pylon  
  62  5:08  Pylon  
  62  5:10  Pylon  
  60  5:15  Probe  
  60  5:17  Gateway  
  60  5:18  Gateway  
  60  5:20  Twilight Council  
  61  5:22  Immortal  
  57  5:30  Probe  
  57  5:33  Zealot  
  57  5:34  Probe  
  63  5:38  Gateway  
  63  5:39  Gateway  
  63  5:42  Probe, Pylon x2  
  64  5:46  Probe  
  65  5:55  Probe  
  65  5:56  Cybernetics Core  
  70  6:08  Blink  
  60  6:14  Zealot x2  
  54  6:19  Gateway  
  54  6:29  Probe x2  
  56  6:33  Pylon  
  56  6:36  Stalker x4  
  59  6:42  Probe  
  48  6:57  Stalker  
  48  7:00  Stalker x4  
  55  7:14  Probe x2  
  51  7:20  Stalker  
  51  7:26  Stalker x2  
  55  7:41  Stalker x3  
  47  7:53  Stalker x3  
  47  7:56  Probe x2  
  53  8:07  Stalker x3  
  59  8:22  Stalker x3  
  63  8:30  Stalker x2  
  63  8:31  Stalker  
  69  8:48  Pylon  
  69  8:56  Stalker x4  
  69  9:02  Stalker  
  79  9:04  Stalker  
  79  9:20  Stalker x2  
  79  9:21  Stalker  
  83  9:32  Stalker x2  
  83  9:37  Stalker  
  81  10:10  Stalker x6  
Tags
 
Add a new tag
Caveats
  • Supply blocks, unpowered buildings, or Contaminate may cause inaccurate times.
  • Supply counts are checked every 10 seconds.